Map: Winter Madness LE

Players

HoldTheDoor - Winner!

  • Race: Protoss Protoss
  • League: Diamond
  • Spawn Location: 5:00

woonter

  • Race: Protoss Protoss
  • League: Diamond
  • Spawn Location: 11:00

VOD

Have the link to the VOD?

Description

Time

  • Played on: May 6, 2026, 11:11 a.m.
  • Length: 6:58
Show
View Real Time Build Order
Export as new Build Order

HoldTheDoor Protoss - Winner!

Build Orders:  

Get SALT Encoding   

  12  0:00  Probe  
  13  0:12  Probe  
  14  0:17  Pylon  
  14  0:24  Probe  
  15  0:32  Probe  
  15  0:38  Gateway  
  15  0:40  Probe  
  17  0:50  Probe  
  17  0:54  Assimilator  
  18  1:07  Forge  
  18  1:13  Probe  
  19  1:26  Probe  
  20  1:34  Cybernetics Core  
  20  1:38  Probe  
  21  1:43  Assimilator  
  21  1:50  Probe  
  21  1:52  Pylon  
  22  1:57  Pylon  
  22  2:02  Probe  
  22  2:05  Warp Gate  
  22  2:08  Stalker  
  25  2:17  Probe  
  26  2:35  Probe  
  26  2:36  Pylon  
  27  2:42  Stalker  
  27  2:47  Probe  
  27  2:51  Shield Battery  
  30  2:59  Probe  
  31  3:11  Probe  
  31  3:14  Stalker  
  33  3:24  Probe  
  34  3:44  Robotics Facility  
  34  3:47  Gateway  
  34  3:49  Gateway  
  34  3:53  Pylon  
  34  3:56  Pylon  
  34  4:00  Probe  
  35  4:24  Probe  
  36  4:37  Stalker  
  38  4:45  Stalker x2  
  42  4:52  Shield Battery  
  42  4:55  Pylon  
  42  5:01  Pylon  
  42  5:02  Photon Cannon  
  42  5:05  Stalker  
  44  5:08  Stalker  
  46  5:28  Warp Prism  
  46  5:30  Stalker x2  
  46  5:33  Zealot  
  54  5:37  Twilight Council  
  54  5:54  Pylon  
  54  5:58  Stalker  
  54  5:59  Stalker x2, Pylon  
  60  6:16  Gateway  
Show
View Real Time Build Order
Export as new Build Order

woonter Protoss 

Build Orders:  

Get SALT Encoding   

  12  0:10  Probe  
  13  0:14  Pylon  
  13  0:37  Forge  
  13  0:38  Probe  
  13  0:40  Assimilator  
  14  0:57  Probe  
  14  1:01  Pylon  
  15  1:09  Probe  
  16  1:18  Photon Cannon  
  16  1:20  Gateway  
  16  1:24  Probe  
  16  1:36  Probe  
  17  1:48  Probe  
  18  2:00  Probe  
  19  2:09  Cybernetics Core  
  19  2:12  Probe  
  19  2:15  Zealot, Pylon  
  22  2:24  Probe  
  23  2:36  Probe  
  24  2:42  Assimilator  
  24  2:49  Stargate  
  24  2:53  Probe  
  25  3:02  Protoss Air Weapons Level 1  
  25  3:13  Probe  
  26  3:30  Void Ray  
  26  3:33  Stalker  
  30  3:43  Shield Battery  
  30  3:45  Pylon  
  30  4:41  Void Ray  
  30  4:46  Warp Gate  
  30  4:47  Nexus  
  34  4:54  Protoss Shields Level 1  
  34  4:55  Shield Battery  
  34  5:02  Pylon  
  34  5:09  Adept  
  34  5:12  Photon Cannon  
  36  5:20  Assimilator  
  35  5:24  Assimilator  
  28  5:32  Twilight Council  
  28  5:49  Photon Cannon  
  28  5:53  Shield Battery  
  28  5:57  Probe  
  27  6:05  Probe  
  28  6:14  Gateway  
  28  6:15  Probe  
  29  6:20  Pylon  
  29  6:27  Probe  
  25  6:39  Probe  
Tags
 
Matchup
PvP
Replay Pack
SC2Mai2026
Spawn Locations
Cross Positions
Add a new tag
Caveats
  • Supply blocks, unpowered buildings, or Contaminate may cause inaccurate times.
  • Supply counts are checked every 10 seconds.